Map: Pillars of Gold LE

Players

Cheater 1 (Insane) - Winner!

  • Race: Protoss Protoss
  • Spawn Location: 7:00

III

  • Race: Zerg Zerg
  • League: Master
  • Spawn Location: 1:00

VOD

Have the link to the VOD?

Description

Time

  • Played on: Dec. 10, 2020, 6:16 a.m.
  • Length: 5:41
Show
View Real Time Build Order
Export as new Build Order

Cheater 1 (Insane) Protoss - Winner!

Build Orders: Mass Adepts, Zealot Archon 

Get SALT Encoding   

  12  0:00  Probe  
  13  0:13  Probe  
  14  0:19  Pylon  
  14  0:25  Probe  
  15  0:33  Probe  
  15  0:41  Probe  
  15  0:42  Assimilator  
  16  0:47  Gateway  
  17  0:51  Probe  
  17  0:53  Pylon  
  18  0:59  Probe  
  19  1:07  Probe  
  19  1:17  Probe  
  21  1:25  Gateway  
  21  1:29  Probe  
  22  1:35  Pylon  
  22  1:36  Zealot  
  22  1:37  Cybernetics Core  
  24  1:41  Probe  
  25  1:54  Probe  
  26  1:55  Zealot  
  26  2:05  Gateway  
  26  2:06  Probe  
  29  2:13  Adept, Warp Gate, Gateway  
  31  2:20  Adept  
  31  2:25  Probe  
  31  2:29  Pylon  
  34  2:43  Adept  
  36  2:47  Adept  
  36  2:48  Pylon  
  38  2:51  Adept  
  40  2:59  Adept  
  42  3:09  Pylon  
  42  3:10  Adept  
  42  3:13  Adept  
  46  3:21  Adept  
  46  3:26  Pylon  
  48  3:29  Assimilator, Adept  
  50  3:35  Probe  
  50  3:38  Twilight Council  
  50  3:40  Adept  
  53  3:43  Adept  
  55  3:49  Adept  
  55  3:54  Pylon  
  57  3:59  Adept  
  59  4:18  Stalker  
  59  4:19  Pylon  
  59  4:21  Adept  
  59  4:23  Nexus  
  62  4:24  Adept  
  64  4:34  Templar Archives  
  64  4:37  Zealot  
  66  5:10  Stalker  
  66  5:13  High Templar x2  
  72  5:17  Stalker, Forge  
  74  5:21  Archon  
  74  5:25  Forge  
  74  5:34  Pylon  
  74  5:36  High Templar  
Show
View Real Time Build Order
Export as new Build Order

III Zerg 

Build Orders: Pool First 

Get SALT Encoding   

  12  0:00  Drone  
  13  0:12  Overlord  
  13  0:17  Drone  
  14  0:30  Drone x2  
  14  0:32  Extractor  
  14  0:35  Drone  
  16  0:49  Spawning Pool  
  15  0:52  Drone  
  15  0:56  Drone  
  17  1:06  Drone  
  18  1:17  Drone  
  19  1:27  Overlord  
  19  1:36  Queen  
  19  1:37  Metabolic Boost  
  19  1:39  Zergling x2  
  22  1:49  Drone  
  23  2:00  Zergling x2  
  24  2:13  Lair  
  24  2:15  Hatchery  
  24  2:18  Zergling x2  
  24  2:23  Zergling x2  
  25  2:33  Zergling x2  
  26  2:45  Zergling x4  
  26  2:46  Zergling x2  
  29  2:56  Overlord  
  29  3:07  Overlord  
  29  3:17  Overlord  
  29  3:22  Queen  
  31  3:27  Queen  
  31  3:29  Drone x3  
  31  3:31  Drone  
  37  3:38  Drone  
  37  3:40  Drone  
  39  3:50  Drone x3  
  39  3:53  Drone  
  43  3:56  Drone  
  40  4:08  Drone x2  
  42  4:11  Drone  
  42  4:16  Drone  
  44  4:20  Drone x3  
  44  4:22  Drone  
  46  4:29  Drone  
  45  4:32  Drone, Extractor  
  45  4:35  Extractor x2  
  45  4:37  Drone x3  
  46  4:40  Drone  
  47  4:46  Drone  
  47  4:49  Roach Warren  
  47  4:50  Evolution Chamber x2  
  45  4:57  Drone x2  
  47  5:02  Drone x3  
  50  5:09  Drone x2  
  52  5:16  Hatchery  
  51  5:31  Spore Crawler  
  51  5:32  Spore Crawler  
Tags
 
Add a new tag
Caveats
  • Supply blocks, unpowered buildings, or Contaminate may cause inaccurate times.
  • Supply counts are checked every 10 seconds.